 Dungeon Crawl Stone Soup version 0.17-a0-854-g4a4ba72 (webtiles) character file.

230 FedoraBrony69 the Cudgeler (level 5, -4/50 HPs)
             Began as a Minotaur Berserker on Apr 28, 2015.
             Was a Believer of Trog.
             Slain by a hound (6 damage)
             ... on level 4 of the Dungeon.
             The game lasted 00:05:16 (3131 turns).

FedoraBrony69 the Cudgeler (Minotaur Berserker)     Turns: 3131, Time: 00:05:16

Health: -4/50      AC:  3    Str: 22    XL:     5   Next: 72%
Magic:  4/4        EV:  9    Int:  4    God:    Trog [**....]
Gold:   181        SH:  7    Dex: 10    Spells: 0 memorised, 4 levels left

rFire  + . .     SeeInvis +     a - +0 mace
rCold  . . .     Clarity  .     b - +0 animal skin
rNeg   . . .     SustAb   .     p - +0 shield
rPois  .         Gourm    .     (helmet restricted)
rElec  .         Spirit   .     o - +0 cloak
rCorr  .         Warding  .     (no gloves)
rMut   .         Stasis   .     (no boots)
MR     .....                    (no amulet)
Stlth  +.........               k - ring of protection from fire
                                j - ring of see invisible

@: exhausted, slowed, very slow, not resistant to hostile enchantments, very
unstealthy
A: retaliatory headbutt, horns 2
a: Burn Spellbooks, Berserk, Trog's Hand, Renounce Religion


You were on level 4 of the Dungeon.
You worshipped Trog.
Trog was pleased with you.
You were hungry.

You visited 1 branch of the dungeon, and saw 4 of its levels.

You collected 181 gold pieces.

Inventory:

Hand weapons
 a - a +0 mace (weapon)
Armour
 b - a +0 animal skin (worn)
 o - a +0 cloak (worn)
 p - a +0 shield (worn)
Jewellery
 j - a ring of see invisible (left hand)
 k - a ring of protection from fire (right hand)
Magical devices
 q - a wand of digging (3)
Scrolls
 d - 3 scrolls of fog
 f - 2 scrolls of enchant weapon {unknown}
 i - a scroll of remove curse {unknown}
 l - 3 scrolls of identify {unknown}
 m - 2 scrolls of teleportation {unknown}
Potions
 e - 4 potions of curing {unknown}
 g - a potion of flight {unknown}
 n - a potion of might {unknown}
 s - a potion of invisibility {unknown}
Comestibles
 c - 3 bread rations
 h - a meat ration


   Skills:
 + Level 5.9 Fighting
 + Level 6.2 Maces & Flails
 - Level 2.4 Armour
 - Level 2.1 Dodging


You had 4 spell levels left.
You didn't know any spells.

Dungeon Overview and Level Annotations

Branches:
Dungeon (4/15)
 Temple: D:4-7

Altars:
Qazlal
Vehumet
Xom
The Shining One
Beogh


Innate Abilities, Weirdness & Mutations

You reflexively headbutt those who attack you in melee.
You have a pair of horns on your head.


Message History

The hound is heavily wounded.
The hound bites you.
* * * LOW HITPOINT WARNING * * *
You block the gnoll's attack. The hound closely misses you.
You hit the hound.
The hound is severely wounded.
The hound bites you.
* * * LOW HITPOINT WARNING * * *
You block the gnoll's attack. The hound closely misses you.
The gnoll hits you from afar with a spear.
* * * LOW HITPOINT WARNING * * *
The hound closely misses you.
Read which item? (? for menu, Esc to quit)
As you read the scroll labeled PASAOT ZARE, it crumbles to dust.
The scroll dissolves into smoke.
It was a scroll of fog.
The hound closely misses you. You furiously retaliate!
You headbutt the hound. The gnoll closely misses you.
The hound completely misses you. The gnoll barely misses you.
The hound bites you.
You die...

. ##.# #...... #...#.#
#...#.# # #...#.##.#
#...#....# #..(..##.# #####
#.....######## ......#
#....>§§@h§g?# ......#
#...########.# ......#
#.........##.# ......
#..........#gg...# ....#
###.##.<...#g.hh.# ....#
##...##....#.....#
...†#####..(..##...#.......
..)[...#.......#...##....##
..÷)##....._....... .....


You could see a hound.

Vanquished Creatures
  2 orc priests (D:3)
  Natasha (thrice) (D:2)
  An iron imp (D:2)
  3 gnolls (D:4)
  Robin (D:2)
  2 oozes
  6 giant geckos
  6 orcs
  2 giant cockroaches
  7 hobgoblins
  7 jackals
  A quokka (D:3)
  2 ball pythons (D:1)
  7 bats
  3 giant newts
  19 goblins
  6 kobolds
  4 rats (D:2)
82 creatures vanquished.

Notes
Turn   | Place    | Note
--------------------------------------------------------------
     0 | D:1      | FedoraBrony69, the Minotaur Berserker, began the quest for the Orb.
     0 | D:1      | Reached XP level 1. HP: 19/19 MP: 0/0
   113 | D:1      | Reached skill level 4 in Fighting
   125 | D:1      | Reached XP level 2. HP: 25/27 MP: 1/1
  1098 | D:2      | Reached XP level 3. HP: 29/33 MP: 2/2
  1180 | D:2      | Acquired Trog's second power
  1236 | D:2      | Noticed Robin
  1253 | D:2      | Killed Robin
  1253 | D:2      | Reached skill level 5 in Maces & Flails
  1588 | D:2      | Found a glowing golden altar of the Shining One.
  1651 | D:2      | Reached XP level 4. HP: 37/41 MP: 3/3
  1757 | D:2      | Noticed Natasha
  1766 | D:2      | Killed Natasha
  1854 | D:2      | Noticed Natasha
  1864 | D:2      | Killed Natasha
  1864 | D:2      | Reached skill level 5 in Fighting
  1882 | D:2      | Noticed Natasha
  1893 | D:2      | Killed Natasha
  1981 | D:3      | Found a radiant altar of Vehumet.
  2271 | D:3      | Found a stormy altar of Qazlal.
  2273 | D:3      | Noticed a water elemental
  2588 | D:3      | Noticed a fire elemental
  2588 | D:3      | Noticed an air elemental
  2698 | D:3      | Found a roughly hewn altar of Beogh.
  2708 | D:3      | Reached XP level 5. HP: 14/48 MP: 4/4
  2990 | D:4      | Reached skill level 6 in Maces & Flails
  3078 | D:4      | Found a shimmering altar of Xom.
  3129 | D:4      | HP: 1/50 [gnoll/spear (5)]
  3131 | D:4      | Slain by a hound

Action                   |  1- 3 |  4- 6 || total
-------------------------+-------+-------++-------
Melee: Mace              |    94 |    89 ||   183
Invok: Berserk           |     2 |     2 ||     4
       Trog's Hand       |       |     4 ||     4
  Use: Scroll            |       |     1 ||     1
  Eat: Chunk             |     4 |     7 ||    11
